 Dungeon Crawl Stone Soup version 0.28-a0-1387-g3a22ab9bdc (webtiles) character file.

Game seed: 5398885888286715645

7 HallandMoats the Skirmisher (level 1, -3/18 HPs)
             Began as a Demonspawn Fighter on Jan 3, 2022.
             Was a Follower of Uskayaw.
             Slain by a gnoll (7 damage)
             ... on level 1 of the Dungeon.
             The game lasted 00:01:17 (183 turns).

HallandMoats the Skirmisher (Demonspawn Fighter)     Turns: 183, Time: 00:01:19

Health: -3/18      AC:  6    Str: 16    XL:     1   Next: 83%
Magic:  1/1        EV:  9    Int:  9    God:    Uskayaw [*.....]
Gold:   0          SH:  4    Dex: 12    Spells: 0/0 levels left

rFire   . . .      SeeInvis .   a - +0 war axe
rCold   . . .      Faith    .   c - +0 buckler
rNeg    . . .      Spirit   .   b - +0 scale mail
rPois   .          Reflect  .   (no helmet)
rElec   .          Harm     .   (no cloak)
rCorr   .          Rampage  .   (no gloves)
Will    .....                   (no boots)
Stlth   ..........              (no amulet)
HPRegen 0.06/turn               (no ring)
MPRegen 0.07/turn               (no ring)

@: no status effects
A: no striking features
a: Renounce Religion, Stomp


You were on level 1 of the Dungeon.
You worshipped Uskayaw.
Uskayaw was noncommittal.
You visited 1 branch of the dungeon, and saw 1 of its levels.

Inventory:

Hand Weapons
 a - a +0 war axe (weapon)
Armour
 b - a +0 scale mail (worn)
 c - a +0 buckler (worn)
Scrolls
 e - a scroll of amnesia {unknown}
 f - 2 scrolls of blinking {unknown}
Potions
 d - a potion of might
 g - a potion of haste {unknown}


   Skills:
 + Level 3.0 Fighting
 + Level 1.9 Axes
 + Level 2.7 Armour
 + Level 0.3 Dodging
 + Level 2.7 Shields
 * Level 0.7 Invocations


You couldn't memorise any spells.
You didn't know any spells.
Your spell library was empty.

Dungeon Overview and Level Annotations

Branches:
Dungeon (1/15)

Altars:
Uskayaw


Message History

The rat is heavily wounded.
The rat bites you but does no damage.
You hit the rat.
You kill the rat!
You can now pass through a line of other dancers.
A ball python comes into view.
The ball python hisses angrily.
You open the door.
You can no longer pass through a line of other dancers.
There is an open door here.
You slash the ball python!
You kill the ball python!
You see here a ball python corpse.
A rat comes into view.
You hit the rat.
The rat is heavily wounded.
The rat barely misses you.
You hit the rat.
You kill the rat!
You see here a rat corpse.
You open the door.
There is an open door here.
You open the door.
A giant cockroach and a gnoll come into view.
The gnoll shouts!
A bat comes into view.
Found a scroll labelled NOYZOO RICSISA.
You hit the gnoll.
The gnoll is moderately wounded.
The gnoll barely misses you.
You closely miss the gnoll.
The gnoll is moderately wounded.
The gnoll closely misses you.
You barely miss the gnoll.
The gnoll is moderately wounded.
The gnoll hits you with a +0 flail!
Ouch! That really hurt!
* * * LOW HITPOINT WARNING * * *
The gnoll hits you with a +0 flail!
You die...

#.###......#+#.#_#
#.# #...##.#.#..#.
# #.#
#...##.#.#.... ..
#.# #...##........
... #.#
#...###.......
.... #.#
#######.......
..... #.#
#........
......#.#
#........
?....bg@#
#........
.....B###
#....#### .....
+.....# ....
#.....# ...
#####.## +# #..##
##... #..# ##.#


You could see a gnoll, a giant cockroach and a bat.

Vanquished Creatures
  An endoplasm (D:1)
  A hobgoblin (D:1)
  A ball python (D:1)
  2 bats (D:1)
  2 rats (D:1)
7 creatures vanquished.

Notes
Turn   | Place    | Note
-------+----------+-------------------------------------------
     0 | D:1      | HallandMoats the Demonspawn Fighter began the quest for the
                  | Orb.
     0 | D:1      | Reached XP level 1. HP: 18/18 MP: 1/1
   121 | D:1      | Found a faded altar of an unknown god.
   140 | D:1      | Prayed at the altar of an unknown god.
   140 | D:1      | Became a worshipper of Uskayaw the Reveller
   140 | D:1      | Reached * piety under Uskayaw
   146 | D:1      | Reached ** piety under Uskayaw
   183 | D:1      | Slain by a gnoll

Illustrated notes

Levels and vault maps discovered:
D:1:      lemuel_arrival_behind_the_door_large, layout_basic,
          chequers_ecumenical_altar_simple, feat_on_display

Action                   || total
-------------------------++-------
Melee: War axe           ||    24
Armor: Scale mail        ||     9
Dodge: Dodged            ||    10
Block: Buckler           ||     3

Table legend: (Time is in decaauts)
 A = Elapsed time spent in this place.
 B = Non-inter-level travel time spent in this place.
 C = Inter-level travel time spent in this place.
 D = Time resting spent in this place.
 E = Time spent auto-exploring this place.
 F = Levels seen in this place.
 G = Mean time per level.
                   A        B        C        D        E       F      G
               +--------+--------+--------+--------+--------+-----+--------+
         Total |    192 |    192 |      0 |      0 |     96 |   1 |  192.0 |
       Dungeon |    192 |    192 |      0 |      0 |     96 |   1 |  192.0 |
               +--------+--------+--------+--------+--------+-----+--------+

Top non-repeatable levels by time:
     D:1: 192 daAuts
